 Dungeon Crawl Stone Soup version 0.24-a0-446-g87df7205b4 (webtiles) character file.

Game seed: 2809672190214886632

451 pk666 the Magician (level 6, -3/32 HPs)
             Began as a Deep Elf Wizard on June 24, 2019.
             Slain by Duvessa
             ... wielding a +0 short sword
              (11 damage)
             ... on level 4 of the Dungeon.
             The game lasted 00:14:46 (3819 turns).

pk666 the Magician (Deep Elf Wizard)                Turns: 3819, Time: 00:14:46

Health: -3/32      AC:  5    Str:  4    XL:     6   Next: 75%
Magic:  7/17       EV: 14    Int: 25    God:
Gold:   245        SH:  0    Dex: 17    Spells: 9/18 levels left

rFire    . . .     SeeInvis .   h - +0 dagger
rCold    . . .     Gourm    .   (no shield)
rNeg     . . .     Faith    .   a - +1 robe
rPois    .         Spirit   .   k - +2 hat
rElec    .         Reflect  .   (no cloak)
rCorr    .         Harm     .   (no gloves)
MR       .....                  (no boots)
Stlth    ++........             o - amulet of inaccuracy (curse)
HPRegen  0.10/turn              r - +4 ring of dexterity
MPRegen  0.15/turn              b - ring of wizardry

@: lightly drained
A: no striking features
a: no special abilities


You were on level 4 of the Dungeon.
You were not hungry.

You visited 1 branch of the dungeon, and saw 4 of its levels.
You also visited: Sewer.

You collected 245 gold pieces.

Inventory:

Hand Weapons
 h - a +0 dagger (weapon)
Armour
 a - a +1 robe (worn)
 k - a +2 hat (worn)
Jewellery
 b - a ring of wizardry (right hand)
 g - an uncursed ring of stealth
 m - an uncursed ring of ice
 o - a cursed amulet of inaccuracy (around neck)
 r - a +4 ring of dexterity (left hand)
Wands
 j - a wand of random effects (31)
 u - a wand of iceblast (9)
Scrolls
 l - a scroll of identify
Potions
 c - 5 potions of haste
 e - a potion of curing {unknown}
 f - a potion of heal wounds {unknown}
 i - a potion of agility {unknown}
 n - a potion of brilliance {unknown}
 p - a potion of might {unknown}
 q - a potion of resistance {unknown}
 s - a potion of flight {unknown}
 t - a potion of mutation {unknown}
Comestibles
 d - 9 rations


   Skills:
 - Level 3.2 Dodging
 - Level 2.4(2.3) Stealth
 + Level 6.7(6.6) Spellcasting
 + Level 4.3 Conjurations
   Level 1.1(1.0) Summonings
 - Level 1.1(1.0) Translocations
 + Level 3.3 Fire Magic
 - Level 2.0(1.9) Poison Magic


You had 9 spell levels left.
You knew the following spells:

 Your Spells              Type           Power        Failure   Level  Hunger
a - Magic Dart            Conj           ####         1%          1    None
b - Blink                 Tloc           N/A          2%          2    None
c - Conjure Flame         Conj/Fire      ####....     1%          3    None
d - Mephitic Cloud        Conj/Pois/Air  ###.....     3%          3    None

Your spell library contained the following spells:

 Spells                   Type           Power        Failure   Level  Hunger
 Call Imp                 Summ           ##......     2%          2    None
 Slow                     Hex            #.......     4%          2    None


Dungeon Overview and Level Annotations

Branches:
Dungeon (4/15)
 Temple: D:4-7

Altars:
Nemelex Xobeh
Okawaru
Trog
Uskayaw

Annotations:
D:4 Duvessa


Message History

Aiming: Magic Dart (safe; 1% risk of failure)
Press: ? - help, Shift-Dir - straight line, f/p - Duvessa
Aim: Duvessa, wielding a +0 short sword and wearing a cursed +0 ring mail (flame, moderately wounded, berserk, fast, unusually strong)
The magic dart hits Duvessa.
Duvessa is moderately wounded.
Duvessa is engulfed in blazing flames.
Duvessa hits you with a +0 short sword.
The orc wizard mumbles some strange words.
The orc wizard flickers and vanishes!
Deactivating autopickup; reactivate with Ctrl-A.
Casting: Magic Dart (safe; 1% risk of failure)
Confirm with . or Enter, or press ? or * to list all spells.
Aiming: Magic Dart (safe; 1% risk of failure)
Press: ? - help, Shift-Dir - straight line, f/p - Duvessa
Aim: Duvessa, wielding a +0 short sword and wearing a cursed +0 ring mail (flame, moderately wounded, berserk, fast, unusually strong)
The magic dart hits Duvessa.
Duvessa is heavily wounded.
Duvessa is engulfed in blazing flames.
Duvessa hits you with a +0 short sword!
* * * LOW HITPOINT WARNING * * *
Duvessa is engulfed in blazing flames.
Duvessa hits you with a +0 short sword!
You die...

.....###...# #.....#
...o####..## #.....#
<.o##....## #.....#
#.........#####....##
#...##...o..........#
....##...{...).....####
....##........####..#.#
.....#.......o.#......###
...............e@.......#
...............#........#
..............##...<...##
...#........####...#....#
...##.................###
..#######..#..........# .##
###...#.......## .# ####
#.....#........###
.###..###.##.#...........##


You could see Duvessa (berserk), an orc wizard and an orc.

Vanquished Creatures
  A crocodile (Sewer)
  Dowan (D:4)
  2 orc wizards
  2 orc priests (D:3)
  Terence (D:2)
  Robin (D:2)
  A gnoll (D:1)
  A river rat (D:3)
  6 adders
  5 worms
  3 dart slugs
  4 orcs
  12 bats
  4 giant cockroaches (D:1)
  17 goblins
  8 hobgoblins
  7 kobolds
  A quokka (D:3)
  6 frilled lizards
  A jackal skeleton (D:4)
  8 rats
92 creatures vanquished.

Notes
Turn   | Place    | Note
-------+----------+-------------------------------------------
     0 | D:1      | pk666 the Deep Elf Wizard began the quest for the Orb.
     0 | D:1      | Reached XP level 1. HP: 10/10 MP: 7/7
   234 | D:1      | Reached XP level 2. HP: 9/15 MP: 0/9
   486 | D:1      | Reached XP level 3. HP: 19/19 MP: 2/11
   589 | D:1      | Reached skill level 5 in Spellcasting
   911 | D:2      | Learned a level 2 spell: Blink
   915 | D:2      | Learned a level 3 spell: Conjure Flame
   919 | D:2      | Learned a level 3 spell: Mephitic Cloud
  1216 | D:2      | Noticed Robin
  1220 | D:2      | Killed Robin
  1227 | D:2      | Reached XP level 4. HP: 24/24 MP: 3/13
  1466 | D:2      | Reached skill level 1 in Poison Magic
  1552 | D:2      | Noticed a moth of wrath
  1554 | D:2      | Noticed Terence
  1625 | D:2      | Killed Terence
  1625 | D:2      | Reached skill level 1 in Fire Magic
  1991 | D:2      | Found a bloodstained altar of Trog.
  2053 | D:2      | Found a hide-covered altar of Uskayaw.
  2054 | D:2      | Found a sparkling altar of Nemelex Xobeh.
  2121 | D:3      | Reached XP level 5. HP: 28/28 MP: 11/15
  2387 | D:3      | Reached skill level 6 in Spellcasting
  2582 | D:3      | Found a glowing drain.
  2590 | Sewer    | Entered a sewer
  2681 | Sewer    | Noticed a crocodile
  2712 | Sewer    | Killed a crocodile
  2712 | Sewer    | Reached XP level 6. HP: 32/32 MP: 9/17
  3342 | D:4      | Found an iron altar of Okawaru.
  3760 | D:4      | Noticed Dowan
  3764 | D:4      | Noticed Duvessa
  3773 | D:4      | Killed Dowan
  3819 | D:4      | Slain by Duvessa

Levels and vault maps discovered:
D:1:      lightli_arrival_noodles, layout_rooms
D:2:      layout_rooms, tgw_trog, gammafunk_temple_overflow_statue,
          first_ration, uniq_terence, uniq_robin
D:3:      layout_rooms, lightli_sewer_entry_pipes
D:4:      layout_cave_pools, okawaru_gym_becter, minivault_25, minivault_27,
          uniq_duvessa

Skill      XL: |  1  2  3  4  5  6 |
---------------+-------------------+-----
Dodging        | 3 |  3.2
Conjurations   | 2 3 4 |  4.3
Spellcasting   | 5 6 |  6.7
Poison Magic   | 1 2 |  2.0
Fire Magic     | 1 2 3 |  3.3
Stealth        | |  2.4
Summonings     | |  1.1
Translocations | |  1.1

Action                   |  1- 3 |  4- 6 || total
-------------------------+-------+-------++-------
Melee: Dagger            |       |    14 ||    14
 Cast: Magic Dart        |    91 |   168 ||   259
       Conjure Flame     |     2 |     5 ||     7
       Mephitic Cloud    |       |     2 ||     2
       Blink             |       |     2 ||     2
  Use: Scroll            |       |     6 ||     6
  Eat: Chunk             |       |     9 ||     9
Armor: Robe              |     2 |    10 ||    12
Dodge: Dodged            |     3 |    29 ||    32

Table legend:
 A = Non-vault XP
 B = Vault XP
 C = Vault XP percentage of total XP
 D = Non-vault monster count
 E = Vault monster count
 F = Vault count percentage of total count
                 A         B        C        D         E       F
            +---------+---------+-------+---------+---------+-------
      Total |     317 |     328 |  50.9 |      60 |      32 |  34.8
            +---------+---------+-------+---------+---------+-------
        D:1 |      55 |       4 |   6.8 |      23 |       2 |   8.0
        D:2 |      32 |      76 |  70.4 |      10 |      16 |  61.5
        D:3 |     187 |      64 |  25.5 |      22 |       7 |  24.1
        D:4 |      43 |      69 |  61.6 |       5 |       1 |  16.7
      Sewer |       0 |     115 | 100.0 |       0 |       6 | 100.0
            +---------+---------+-------+---------+---------+-------
